 Dungeon Crawl Stone Soup version 0.24-a0-269-g32ec7ca (webtiles) character file.

Game seed: 14511421819131312006

69 Lanoc the Insei (level 4, 0/28 HPs)
             Began as an Octopode Transmuter on Apr 21, 2019.
             Killed from afar by an orc wizard (6 damage)
             ... with a magic dart
             ... on level 2 of the Dungeon.
             The game lasted 00:03:11 (1758 turns).

Lanoc the Insei (Octopode Transmuter)               Turns: 1758, Time: 00:03:12

Health: 0/28       AC:  1    Str:  9    XL:     4   Next: 20%
Magic:  5/7        EV: 13    Int: 16    God:
Gold:   76         SH:  0    Dex: 12    Spells: 4/7 levels left

rFire    . . .     SeeInvis .     - Unarmed
rCold    . . .     Gourm    .   (no shield)
rNeg     . . .     Faith    .   (helmet restricted)
rPois    .         Spirit   .   e - amulet of the acrobat
rElec    .         Reflect  .   (no ring)
rCorr    .         Harm     .   (no ring)
MR       .....                  (no ring)
Stlth    ++........             (no ring)
HPRegen  0.09/turn              (no ring)
MPRegen  0.10/turn              (no ring)
                                (no ring)
                                (no ring)

@: very slightly contaminated, slowed, very slow
A: almost no armour, stealthy swim, amphibious, 8 rings, constrict 8, camouflage
1, gelatinous body 1
a: no special abilities


You were on level 2 of the Dungeon.
You were very hungry.

You visited 1 branch of the dungeon, and saw 2 of its levels.

You collected 76 gold pieces.

Inventory:

Missiles
 a - 7 arrows
Jewellery
 e - an amulet of the acrobat (around mantle)
 l - an uncursed ring of ice
Scrolls
 b - a scroll of noise {unknown}
 d - a scroll of identify {unknown}
 i - 2 scrolls of remove curse {unknown}
 j - 2 scrolls of teleportation {unknown}
 k - 2 scrolls of enchant armour {unknown}
 m - a scroll of blinking {unknown}
Potions
 f - a potion of agility {unknown}
 g - a potion of magic {unknown}
 n - a potion of curing
 o - a potion of mutation {unknown}
Comestibles
 c - 4 rations


   Skills:
 + Level 1.4 Fighting
 + Level 2.4 Dodging
 * Level 3.6 Unarmed Combat
 + Level 2.4 Spellcasting
 * Level 2.9 Transmutations


You had 4 spell levels left.
You knew the following spells:

 Your Spells              Type           Power        Failure   Level  Hunger
a - Beastly Appendage     Tmut           ##....       6%          1    #......
b - Sticks to Snakes      Tmut           ##......     9%          2    ###....

Your spell library contained the following spells:

 Spells                   Type           Power        Failure   Level  Hunger
 Spider Form              Tmut/Pois      #.........   32%         3    ###....
 Ice Form                 Ice/Tmut       #.......     73%         4    #####..
 Blade Hands              Tmut           ##........   86%         5    ######.


Dungeon Overview and Level Annotations

Branches:
Dungeon (2/15)

Altars:


Innate Abilities, Weirdness & Mutations

You cannot wear most types of armour.
You are very stealthy in the water. (Stealth+)
You are amphibious.
You can wear up to eight rings at the same time.
You can use your tentacles to constrict eight enemies at once.
Your skin changes colour to match your surroundings (Stealth+).
Your rubbery body absorbs attacks. (AC +1, EV +1)


Message History

The orc wizard blinks!
Your tentacle spike disappears.
The orc barely misses you.
You tentacle-slap the orc. Your grab misses the orc.
The orc is severely wounded.
The orc wizard points at you and mumbles some strange words.
The magic dart hits you. The orc hits you with a +0 flail!
* * * LOW HITPOINT WARNING * * *
You tentacle-slap the orc.
You kill the orc!
The orc wizard gestures at you while chanting.
You feel yourself slow down.
The orc wizard drinks a potion.
The orc wizard seems to grow stronger.
You see here a +0 leather armour.
You closely miss the orc wizard. You grab the orc wizard.
The orc wizard is moderately wounded.
You constrict the orc wizard. The orc wizard casts a spell at you.
The magic dart hits you.
You die...

# #.#
#.#..)...............#
###.##
#........#####.#######
##<..#####.###.#..#
#.# ...#<......#
#.#..#####.#
##...#####.#
#.#........# #####
#.....#.########
#######.# #o# #@# #.#
#)# #.# #.# ... ...
... ##.##


You could see an orc wizard.

Vanquished Creatures
  An orc priest (D:2)
  A leopard gecko (D:2)
  2 orcs (D:2)
  2 bats (D:1)
  7 goblins (D:1)
  3 hobgoblins
  4 jackals (D:1)
  3 frilled lizards (D:1)
  3 kobolds
  6 rats
32 creatures vanquished.

Vanquished Creatures (collateral kills)
  A leopard gecko (D:1)
  2 orcs (D:2)
3 creatures vanquished.

Grand Total: 35 creatures vanquished

Notes
Turn   | Place    | Note
-------+----------+-------------------------------------------
     0 | D:1      | Lanoc the Octopode Transmuter began the quest for the Orb.
     0 | D:1      | Reached XP level 1. HP: 13/13 MP: 3/3
   103 | D:1      | Reached XP level 2. HP: 8/18 MP: 3/5
   134 | D:1      | Learned a level 2 spell: Sticks to Snakes
   818 | D:1      | Reached XP level 3. HP: 13/23 MP: 3/6
  1368 | D:2      | HP: 1/23 [orc priest/divine providence (12)]
  1751 | D:2      | Reached XP level 4. HP: 19/28 MP: 4/7
  1758 | D:2      | Killed from afar by an orc wizard

Levels and vault maps discovered:
D:1:      ncdulo_watergridlock, layout_basic
D:2:      cheibrodos_pilgrimage, layout_loops_corners, kennysheep_generic_room_6

Action                   |  1- 3 |  4- 6 || total
-------------------------+-------+-------++-------
Melee: Unarmed           |    74 |     4 ||    78
       Constrict         |    20 |     1 ||    21
       Kick              |    14 |       ||    14
       Punch             |     2 |       ||     2
       Tentacles         |     9 |       ||     9
 Cast: Beastly Appendage |    14 |       ||    14
       Sticks to Snakes  |     5 |       ||     5
 Stab: Sleeping          |     4 |       ||     4
  Eat: Chunk             |     2 |       ||     2
Dodge: Dodged            |    46 |     1 ||    47

Table legend:
 A = Non-vault XP
 B = Vault XP
 C = Vault XP percentage of total XP
 D = Non-vault monster count
 E = Vault monster count
 F = Vault count percentage of total count
                 A         B        C        D         E       F
            +---------+---------+-------+---------+---------+-------
      Total |      48 |      51 |  51.5 |      30 |       5 |  14.3
            +---------+---------+-------+---------+---------+-------
        D:1 |      40 |       0 |   0.0 |      26 |       0 |   0.0
        D:2 |       8 |      51 |  86.4 |       4 |       5 |  55.6
            +---------+---------+-------+---------+---------+-------
